 Dungeon Crawl Stone Soup version 0.30-a0-373-gd37427bb62 (webtiles) character file.

Game seed: 7562529595565147349

996 kiwi3s the Cleaver (level 7, -2/57 HPs)
             Began as a Minotaur Berserker on Nov 23, 2022.
             Was a Priest of Trog.
             Slain by a yak (10 damage)
             ... on level 5 of the Dungeon.
             The game lasted 00:03:20 (3442 turns).

kiwi3s the Cleaver (Minotaur Berserker)             Turns: 3442, Time: 00:03:21

Health: -2/57      AC: 11    Str: 24    XL:     7   Next: 99%
Magic:  6/6        EV:  8    Int:  4    God:    Trog [***...]
Gold:   234        SH:  0    Dex:  9    Spells: 6/6 levels left

rFire   . . .      SeeInvis .    a - +0 hand axe
rCold   . . .      Faith    .    (no shield)
rNeg    . . .      Spirit   .    n - +0 chain mail
rPois   .          Reflect  .    (helmet restricted)
rElec   .          Harm     .    i - +0 cloak
rCorr   .          Rampage  .    (no gloves)
Will    .....                    l - +0 pair of boots
Stlth   ..........               (no amulet)
HPRegen 0.29/turn                (no ring)
MPRegen 0.10/turn                (no ring)

@: on berserk cooldown, slowed, very slow
A: horns 2, retaliatory headbutt
a: Renounce Religion, Berserk, Trog's Hand


You were on level 5 of the Dungeon.
You worshipped Trog.
Trog was most pleased with you.
You visited 1 branch of the dungeon, and saw 5 of its levels.

You collected 234 gold pieces.

Inventory:

Hand Weapons
 a - a +0 hand axe (weapon)
Missiles
 m - 3 boomerangs (quivered)
Armour
 b - a +0 animal skin
 i - a +0 cloak (worn)
 l - a +0 pair of boots (worn)
 n - a +0 chain mail (worn)
Jewellery
 p - an amulet of guardian spirit
Wands
 v - a wand of polymorph (10)
Scrolls
 d - 6 scrolls of identify {unknown}
 f - a scroll of enchant armour {unknown}
 g - a scroll of amnesia {unknown}
 h - a scroll of brand weapon {unknown}
 k - a scroll of noise {unknown}
 t - a scroll of fear {unknown}
 u - a scroll of poison {unknown}
Potions
 c - 2 potions of mutation {unknown}
 e - 3 potions of curing {unknown}
 j - 3 potions of heal wounds {unknown}
 o - a potion of lignification {unknown}
 q - a potion of haste {unknown}
 r - a potion of magic {unknown}
 s - 2 potions of invisibility {unknown}
 w - a potion of might {unknown}


   Skills:
 - Level 3.6 Fighting
 + Level 11.5 Axes
 - Level 2.4 Armour
 - Level 2.1 Dodging


You had 6 spell levels left.
You didn't know any spells.
Your spell library was empty.

Dungeon Overview and Level Annotations

Branches:
Dungeon (5/15)             Temple (0/1) D:4

Altars:
Yredelemnul


Innate Abilities, Weirdness & Mutations

You have a pair of horns on your head.
You reflexively headbutt those who attack you in melee.


Message History

The yak gores you but does no damage.
Unknown command.
You slash the yak!
You kill the yak!
Trog accepts your kill.
You see here a yak corpse.
No target in view!
Unknown command. 3 yaks come into view.
Found a scroll labelled FIJEGI BIOC DAU.
You feel a strong urge to attack something.
The yak bellows! x3; You hear a bellow!
A scorpion comes into view.
There are monsters nearby!
There are monsters nearby!
There are monsters nearby!
You are no longer berserk.
You are exhausted.
You feel yourself slow down.
You see here a yak corpse.
The yak attacks as you move away! The yak gores you. x2
The yak gores you but does no damage.
A yak comes into view.
The yak attacks as you move away! The yak gores you. The yak gores you!
The yak gores you. The yak attacks as you move away! The yak gores you!
The yak attacks as you move away! The yak barely misses you.
You furiously retaliate!
You headbutt the yak. The yak gores you. The yak gores you but does no damage.
The yak gores you!
* * * LOW HITPOINT WARNING * * *
The yak attacks as you move away! The yak gores you but does no damage.
The yak attacks as you move away! The yak closely misses you.
There is a stone staircase leading up here.
The yak gores you.
* * * LOW HITPOINT WARNING * * *
The yak barely misses you. You furiously retaliate!
You headbutt the yak. The yak gores you but does no damage. The yak gores you.
* * * LOW HITPOINT WARNING * * *
The yak gores you but does no damage. The yak gores you!
You die...

......###+##.....................
......#..........................
####+##..........................
......#...................#......
..........................#......
......................#####......
.............####................
................#Y...............
................@Y...............
...............##Y.Y.............
.##............+.................
.##............##.#........).....
.##.....†....##...#...)..........
.##......##..##.###)..)..........
.##......##.>...# #.#............
....#....######## #.###########'#
.####.#### #.# #.#


You could see 4 yaks.

Vanquished Creatures
  A yak (D:5)
  A water moccasin (D:5)
  An ice beast (D:5)
  An ogre (D:5)
  2 necrophages (D:5)
  2 scorpions
  2 hounds
  A gnoll bouda (D:4)
  An orc priest (D:5)
  An orc wizard (D:5)
  4 gnolls (D:4)
  4 adders
  3 white imps
  2 ufetubi
  2 dart slugs
  8 orcs
  9 ball pythons
  4 bats
  10 endoplasms
  3 giant cockroaches
  7 goblins
  10 hobgoblins
  2 quokkas
  2 frilled lizards
  6 kobolds
  6 rats
95 creatures vanquished.

Notes
Turn   | Place    | Note
-------+----------+-------------------------------------------
     0 | D:1      | kiwi3s the Minotaur Berserker began the quest for the Orb.
     0 | D:1      | Reached XP level 1. HP: 19/19 MP: 0/0
    25 | D:1      | Reached skill level 4 in Axes
    68 | D:1      | Reached XP level 2. HP: 26/26 MP: 1/1
   674 | D:2      | Reached ** piety under Trog
   675 | D:2      | Reached skill level 5 in Axes
   743 | D:2      | Reached XP level 3. HP: 31/31 MP: 2/2
   875 | D:2      | Found a basalt altar of Yredelemnul.
  1276 | D:3      | Reached XP level 4. HP: 39/39 MP: 3/3
  1286 | D:3      | Reached skill level 6 in Axes
  1818 | D:4      | Found a staircase to the Ecumenical Temple.
  1950 | D:4      | Reached XP level 5. HP: 39/45 MP: 4/4
  1952 | D:4      | Reached skill level 7 in Axes
  2473 | D:4      | Reached skill level 8 in Axes
  2473 | D:4      | Reached XP level 6. HP: 47/51 MP: 5/5
  2557 | D:4      | Reached *** piety under Trog
  2731 | D:5      | Entered Level 5 of the Dungeon
  2745 | D:5      | Noticed an ice beast
  2756 | D:5      | Killed an ice beast
  2785 | D:5      | Reached skill level 9 in Axes
  2895 | D:5      | Reached XP level 7. HP: 51/57 MP: 6/6
  3024 | D:5      | Reached skill level 10 in Axes
  3233 | D:5      | Reached skill level 11 in Axes
  3408 | D:5      | Noticed a yak
  3418 | D:5      | Killed a yak
  3420 | D:5      | Noticed a yak
  3420 | D:5      | Noticed a yak
  3420 | D:5      | Noticed a yak
  3436 | D:5      | Noticed a yak
  3442 | D:5      | Slain by a yak

Illustrated notes

Levels and vault maps discovered:
D:1:      co_arrival_square_in_a_square_in_a_square, layout_rooms
D:2:      layout_rooms, basic_altar
D:3:      kennysheep_six_static_rooms, layout_basic
D:4:      layout_loops_cross, minmay_temple_entry_ruins,
          minmay_misc_feat_secret_circle, minmay_increasing_density
D:5:      layout_basic

Skill      XL: |  1  2  3  4  5  6  7 |
---------------+----------------------+-----
Axes           | 4 5 6 8 9 11 | 11.5
Fighting       | |  3.6
Armour         | |  2.4
Dodging        | |  2.1

Action                   |  1- 3 |  4- 6 |  7- 9 || total
-------------------------+-------+-------+-------++-------
Melee: Hand axe          |    86 |   109 |    43 ||   238
       Headbutt          |    13 |    11 |     3 ||    27
Invok: Berserk           |       |     2 |     1 ||     3
Armor: Animal skin       |     3 |       |       ||     3
       Chain mail        |    26 |    59 |    28 ||   113
Dodge: Dodged            |    48 |    35 |    18 ||   101

Table legend: (Time is in decaauts)
 A = Elapsed time spent in this place.
 B = Non-inter-level travel time spent in this place.
 C = Inter-level travel time spent in this place.
 D = Time resting spent in this place.
 E = Time spent auto-exploring this place.
 F = Levels seen in this place.
 G = Mean time per level.
                   A        B        C        D        E       F      G
               +--------+--------+--------+--------+--------+-----+--------+
         Total |   3453 |   3198 |    255 |    195 |   2455 |   5 |  690.6 |
       Dungeon |   3453 |   3198 |    255 |    195 |   2455 |   5 |  690.6 |
               +--------+--------+--------+--------+--------+-----+--------+

Top non-repeatable levels by time:
     D:4: 965 daAuts
     D:3: 837 daAuts
     D:5: 703 daAuts
     D:1: 584 daAuts
     D:2: 363 daAuts
